cohdb
Replays
Latest Replays
All Replays
Popular Replays
Top Player Replays
Match Explorer
How It Works
Community
CoH3 Stats
Reddit
Sign in to upload your games and track your stats! →
Sign in with Steam
Match 45538961
Unlisted
Match 45538961
Overview
Messages
Build Orders
End
Vickers Machine Gun Team
Construct Section Command Post
Selects Canadian Shock Battlegroup
Dingo Light Scout Car
Infantry Section
Infantry Section
Construct Platoon Command Post
Selects Burnout
Selects Offensive Resupply
Selects Canadian Shock Section
Humber Armored Car
Dreamerpython
Quejour
KP [MST3K]
con_007
A Sassy Badger
Urge to Merge
0
0
Comments
sign in to comment!
No comments posted yet!